Map: Whitewater Line LE

Players

simon

  • Race: Protoss Protoss
  • Spawn Location: 1:00

HCicero

  • Race: Zerg Zerg
  • Spawn Location: 1:00

Tron

  • Race: Protoss Protoss
  • Spawn Location: 12:00

Ivadios

  • Race: Terran Terran
  • League: Bronze
  • Spawn Location: 6:00

Arthas

  • Race: Protoss Protoss
  • Spawn Location: 7:00

Duffman

  • Race: Terran Terran
  • Spawn Location: 7:00

VOD

Have the link to the VOD?

Description

Time

  • Played on: June 5, 2020, 2 p.m.
  • Length: 24:53
Show
View Real Time Build Order
Export as new Build Order

simon Protoss 

Build Orders:  

Get SALT Encoding   

  12  0:01  Probe  
  13  0:13  Probe  
  14  0:25  Pylon  
  14  0:26  Probe  
  15  0:43  Probe  
  15  0:44  Gateway  
  15  0:46  Assimilator  
  16  0:55  Probe (Chrono Boost)  
  17  1:03  Pylon  
  17  1:07  Probe (Chrono Boost)  
  18  1:12  Probe (Chrono Boost)  
  19  1:22  Probe  
  19  1:31  Cybernetics Core  
  19  1:39  Probe  
  20  1:43  Gateway  
  19  1:51  Probe  
  20  2:05  Stalker (Chrono Boost)  
  22  2:14  Assimilator  
  22  2:18  Robotics Facility  
  22  2:27  Stalker  
  24  2:47  Stalker  
  26  2:53  Pylon  
  26  2:55  Pylon  
  26  3:11  Pylon  
  26  3:16  Immortal (Chrono Boost)  
  30  3:21  Stalker  
  32  3:32  Shield Battery x2  
  32  3:38  Stalker  
  28  4:25  Stargate  
  28  4:28  Stargate  
  28  4:50  Nexus  
  28  4:58  Probe  
  29  5:12  Adept x2  
  31  5:23  Immortal  
  33  6:10  Stalker x2  
  34  6:13  Phoenix  
  27  6:27  Phoenix  
  26  6:33  Probe  
  27  6:45  Probe (Chrono Boost)  
  29  6:57  Probe (Chrono Boost)  
  29  6:58  Probe (Chrono Boost)  
  30  7:05  Probe (Chrono Boost)  
  30  7:07  Probe (Chrono Boost)  
  32  7:12  Probe  
  33  7:27  Probe (Chrono Boost)  
  35  7:31  Probe (Chrono Boost)  
  36  7:37  Probe (Chrono Boost)  
  36  7:38  Protoss Air Weapons Level 1 (Chrono Boost)  
  36  7:41  Probe (Chrono Boost)  
  33  8:07  Stalker  
  27  8:25  Probe x2, Pylon  
  27  8:26  Pylon  
  29  8:35  Assimilator  
  29  8:37  Probe (Chrono Boost)  
  29  8:39  Probe (Chrono Boost)  
  31  8:41  Assimilator  
  32  8:49  Probe (Chrono Boost)  
  32  8:51  Phoenix  
  32  8:54  Probe (Chrono Boost)  
  35  8:56  Probe (Chrono Boost)  
  37  9:05  Probe (Chrono Boost)  
  37  9:07  Probe (Chrono Boost), Zealot x2  
  42  9:12  Probe (Chrono Boost)  
  42  9:14  Observer, Probe (Chrono Boost)  
  45  9:20  Probe  
  46  9:24  Warp Gate (Chrono Boost)  
  46  9:25  Probe  
  41  9:32  Probe  
  41  9:38  Probe  
  42  9:45  Probe, Pylon  
  43  9:49  Phoenix  
  43  9:50  Probe, Phoenix  
  48  10:05  Probe x2  
  50  10:08  Forge  
  48  10:30  Probe x2 (Chrono Boost)  
  50  10:42  Probe (Chrono Boost)  
  52  10:48  Probe (Chrono Boost)  
  52  10:51  Probe (Chrono Boost)  
  52  10:55  Probe (Chrono Boost)  
  52  10:56  Probe  
  54  10:57  Fleet Beacon  
  54  11:01  Zealot x2  
  59  11:06  Probe  
  59  11:07  Pylon  
  59  11:08  Probe  
  59  11:10  Photon Cannon  
  61  11:21  Nexus, Photon Cannon  
  61  11:23  Pylon  
  61  11:24  Shield Battery  
  61  11:25  Probe  
  62  11:39  Carrier (Chrono Boost)  
  68  11:52  Shield Battery  
  68  11:53  Probe  
  69  11:55  Photon Cannon  
  69  12:06  Stalker x2  
  60  12:30  Stalker x2  
  60  12:34  Tempest (Chrono Boost)  
  64  12:41  Probe x2  
  64  12:42  Photon Cannon  
  64  12:44  Observer  
  66  12:51  Carrier (Chrono Boost)  
  66  12:54  Nexus  
  72  13:02  Probe x2  
  74  13:14  Probe  
  74  13:15  Probe  
  76  13:26  Probe  
  78  13:27  Probe  
  78  13:33  Protoss Air Armor Level 1 (Chrono Boost)  
  78  13:39  Probe x2  
  78  13:40  Pylon  
  80  13:51  Probe x2  
  80  13:53  Carrier (Chrono Boost)  
  88  14:02  Void Ray (Chrono Boost)  
  92  14:03  Probe  
  92  14:06  Photon Cannon  
  93  14:26  Probe (Chrono Boost)  
  93  14:28  Stargate  
  93  14:30  Assimilator  
  96  14:31  Probe (Chrono Boost)  
  96  14:32  Probe (Chrono Boost), Assimilator  
  96  14:36  Stalker x2  
  96  14:37  Probe (Chrono Boost), Shield Battery  
  101  14:41  Probe (Chrono Boost)  
  101  14:44  Photon Cannon  
  102  14:50  Observer  
  103  14:54  Carrier (Chrono Boost)  
  103  14:58  Tempest (Chrono Boost)  
  114  15:06  Photon Cannon  
  114  15:09  Pylon  
  114  15:12  Pylon  
  114  15:24  Twilight Council  
  114  15:25  Probe, Pylon  
  114  15:27  Pylon  
  115  15:31  Stalker x2  
  118  15:38  Probe x2  
  118  15:39  Gateway  
  118  15:43  Photon Cannon  
  118  15:49  Carrier  
  124  16:26  Stalker x2  
  126  16:55  Pylon  
  126  17:01  Void Ray  
  126  17:02  Void Ray x2  
  138  17:14  Nexus  
  138  17:17  Pylon  
  130  17:40  Stalker x2  
  130  17:44  Void Ray x3  
  114  18:11  Stalker x2  
  91  18:22  Stargate  
  91  18:23  Stargate  
  91  18:26  Stargate  
  91  18:27  Probe  
  92  18:36  Gateway  
  92  18:38  Gateway, Protoss Air Armor Level 2 (Chrono Boost)  
  92  18:40  Gateway  
  92  18:41  Tempest x2 (Chrono Boost)  
  92  18:42  Tempest (Chrono Boost)  
  92  18:44  Assimilator  
  92  18:46  Assimilator  
  92  18:48  Protoss Shields Level 1 (Chrono Boost)  
  107  18:57  Shield Battery  
  107  18:59  Probe  
  107  19:00  Probe, Pylon  
  107  19:01  Probe  
  110  19:13  Stargate  
  110  19:15  Tempest  
  115  19:17  Tempest  
  120  19:36  Pylon  
  120  19:38  Pylon  
  120  19:46  Photon Cannon  
  120  19:48  Pylon  
  120  19:49  Shield Battery  
  120  19:52  Zealot x3  
  126  20:04  Tempest x2 (Chrono Boost)  
  141  20:09  Tempest (Chrono Boost)  
  141  20:13  Tempest (Chrono Boost)  
  146  20:15  Tempest (Chrono Boost)  
  156  20:30  Tempest (Chrono Boost)  
  156  20:37  Dark Shrine  
  155  20:52  Robotics Facility  
  150  21:19  Tempest x2 (Chrono Boost)  
  150  21:20  Photon Cannon  
  150  21:22  Photon Cannon  
  169  21:29  Tempest x2 (Chrono Boost)  
  169  22:00  Protoss Air Weapons Level 2 (Chrono Boost)  
  169  22:05  Dark Templar x4  
  177  22:13  Observer  
  177  22:14  Nexus  
  178  22:34  Observer  
  179  22:38  Archon x2  
  179  22:58  Void Ray  
  179  22:59  Tempest x2  
  179  23:02  Dark Templar  
  150  23:44  Carrier x3  
  166  24:17  Observer  
  162  24:24  Zealot  
  162  24:25  Zealot x3  
  162  24:27  Probe x2  
  178  24:43  Gateway  
  178  24:46  Gateway  
  178  24:48  Pylon  
Show
View Real Time Build Order
Export as new Build Order

HCicero Zerg 

Build Orders: Hatch First 

Get SALT Encoding   

  12  0:01  Drone  
  13  0:09  Drone  
  14  0:18  Overlord  
  14  0:22  Extractor  
  14  0:24  Drone  
  15  0:48  Drone x3  
  18  1:09  Drone  
  19  1:11  Drone  
  19  1:12  Hatchery  
  19  1:28  Spawning Pool  
  19  1:29  Extractor  
  19  1:31  Drone  
  18  1:36  Drone  
  19  1:58  Drone x2  
  21  2:13  Hatchery  
  20  2:28  Queen  
  22  2:30  Overlord  
  22  2:31  Zergling x6  
  22  2:36  Metabolic Boost  
  25  2:45  Zergling x4  
  25  2:46  Zergling x2  
  28  2:53  Overlord  
  27  3:13  Zergling x6  
  27  3:19  Queen  
  30  3:27  Zergling x8  
  32  3:38  Zergling x2  
  32  3:39  Zergling x4  
  32  3:49  Zergling x8  
  29  4:24  Drone x2, Baneling Nest  
  29  4:25  Drone x4  
  29  4:26  Zergling x4, Overlord  
  36  4:34  Queen  
  38  4:47  Lair  
  38  4:51  Extractor  
  37  5:06  Zergling x8  
  37  5:07  Zergling x14  
  41  5:23  Zergling x2  
  41  5:24  Zergling x10  
  41  5:26  Baneling x4  
  41  5:27  Baneling  
  44  5:52  Zergling x2  
  44  5:53  Zergling x10  
  44  5:55  Baneling  
  44  5:56  Baneling x4  
  50  6:14  Spore Crawler  
  50  6:18  Spore Crawler  
  48  6:31  Drone x2  
  48  6:32  Overlord  
  50  6:41  Baneling x3  
  50  6:43  Overlord  
  44  7:07  Zergling x2  
  44  7:08  Zergling x32  
  47  7:23  Zergling x6  
  50  7:31  Baneling  
  50  7:32  Baneling x9  
  50  7:36  Baneling x2  
  50  7:37  Baneling  
  31  8:00  Zergling x12  
  31  8:01  Zergling x12  
  42  8:26  Zergling x2  
  41  8:27  Zergling x10  
  45  8:42  Zergling x2  
  45  8:43  Zergling x4  
  39  8:57  Baneling x4  
  39  8:58  Baneling  
  39  9:00  Baneling x2  
  38  9:21  Zergling x2  
  38  9:22  Zergling x16  
  47  9:35  Evolution Chamber  
  46  9:38  Evolution Chamber  
  46  9:42  Drone x3  
  48  9:53  Drone x3  
  48  9:54  Drone  
  52  10:06  Zerg Melee Weapons Level 1  
  52  10:08  Zerg Ground Armor Level 1  
  52  10:11  Extractor  
  52  10:14  Extractor, Drone  
  52  10:17  Drone  
  52  10:19  Zergling x2  
  53  10:25  Drone x2  
  55  10:33  Centrifical Hooks  
  55  10:40  Hydralisk Den  
  55  10:41  Drone  
  55  10:42  Drone  
  56  10:51  Drone x3  
  56  10:56  Drone x2  
  61  10:58  Drone  
  61  11:02  Overlord  
  62  11:09  Drone  
  62  11:10  Hydralisk  
  65  11:16  Overlord  
  65  11:22  Extractor  
  65  11:24  Extractor, Spore Crawler  
  62  11:25  Drone  
  62  11:26  Drone x2  
  62  11:27  Drone  
  62  11:29  Drone  
  62  11:31  Drone  
  68  11:41  Grooved Spines  
  68  11:47  Lurker Den  
  67  11:55  Drone x5  
  67  12:00  Zergling x12  
  78  12:03  Baneling  
  78  12:06  Baneling x5  
  78  12:07  Baneling  
  78  12:09  Baneling x2  
  78  12:13  Baneling x4  
  63  12:33  Hydralisk  
  63  12:34  Hydralisk  
  63  12:36  Overlord  
  64  12:43  Zerg Melee Weapons Level 2, Spore Crawler  
  63  12:44  Zerg Ground Armor Level 2  
  63  12:53  Spore Crawler  
  62  13:11  Hatchery, Hydralisk  
  62  13:12  Hydralisk x3  
  67  13:14  Overlord  
  69  13:22  Infestation Pit  
  69  13:25  Muscular Augments  
  68  13:42  Burrow  
  68  13:47  Zergling x2  
  68  13:48  Zergling x10  
  73  13:49  Hydralisk x2  
  73  13:51  Zergling x4  
  80  14:05  Pathogen Glands  
  80  14:09  Overlord  
  80  14:15  Lurker  
  81  14:25  Drone x2  
  81  14:26  Drone x2  
  85  14:46  Hydralisk x5  
  85  14:47  Overlord  
  95  15:00  Zerg Missile Weapons Level 1  
  95  15:39  Overlord x2  
  95  15:40  Overlord  
  95  15:44  Hive  
  93  15:52  Spore Crawler  
  93  15:55  Spore Crawler  
  71  16:21  Queen  
  71  16:25  Drone x3  
  76  16:26  Drone x2  
  76  16:31  Hydralisk x4  
  76  16:32  Hydralisk  
  88  16:33  Infestor x4  
  88  16:34  Hydralisk x2  
  88  16:35  Hydralisk x2  
  88  16:36  Overlord  
  104  16:48  Zergling x2  
  104  16:49  Zergling x2  
  104  16:50  Overlord  
  83  17:35  Zerg Missile Weapons Level 2  
  83  17:37  Zerg Melee Weapons Level 3  
  81  17:38  Adaptive Talons  
  81  17:40  Hydralisk  
  81  17:41  Hydralisk x8  
  97  18:17  Hydralisk x7  
  97  18:19  Infestor x3  
  115  18:20  Overlord  
  115  18:24  Hatchery  
  106  18:39  Neural Parasite  
  106  18:41  Hydralisk  
  106  18:42  Hydralisk x7  
  122  18:54  Hydralisk x4  
  130  19:01  Spore Crawler  
  129  19:04  Spine Crawler, Spore Crawler  
  123  19:38  Queen  
  115  20:07  Adrenal Glands  
  115  20:16  Extractor  
  115  20:17  Extractor  
  115  20:18  Drone x8  
  121  20:24  Hatchery  
  120  20:30  Hydralisk x3  
  120  20:31  Overlord  
  120  20:32  Zergling x2  
  127  20:47  Overseer  
  127  21:04  Overseer  
  126  21:31  Zergling x2  
  126  21:32  Zergling x18  
  136  21:42  Overlord  
  136  21:43  Zergling x2  
  137  21:49  Queen  
  139  21:55  Zerg Missile Weapons Level 3  
  139  21:56  Zerg Ground Armor Level 3  
  139  21:59  Seismic Spines  
  139  22:02  Zergling x4  
  139  22:05  Overlord  
  141  23:03  Infestor x7  
  113  23:58  Hydralisk  
  113  23:59  Hydralisk x12  
  113  24:00  Zergling x2  
  113  24:01  Zergling x6  
Show
View Real Time Build Order
Export as new Build Order

Tron Protoss 

Build Orders:  

Get SALT Encoding   

  12  0:01  Probe (Chrono Boost)  
  13  0:12  Probe (Chrono Boost)  
  14  0:23  Pylon  
  14  0:26  Probe  
  15  0:41  Probe  
  16  0:48  Forge  
  16  0:52  Gateway  
  16  0:59  Probe  
  17  1:08  Assimilator  
  17  1:11  Probe  
  18  1:22  Assimilator  
  18  1:23  Probe  
  19  1:29  Pylon  
  19  1:33  Photon Cannon  
  19  1:59  Pylon  
  18  2:34  Nexus  
  18  2:41  Assimilator  
  18  4:08  Probe (Chrono Boost)  
  19  4:15  Assimilator  
  19  4:19  Probe (Chrono Boost)  
  19  4:21  Pylon  
  19  4:24  Probe (Chrono Boost)  
  21  4:36  Probe  
  22  4:47  Photon Cannon  
  22  4:48  Probe  
  23  5:07  Nexus  
  20  6:03  Pylon  
  20  6:33  Cybernetics Core  
  20  6:39  Probe (Chrono Boost)  
  22  6:48  Probe (Chrono Boost)  
  22  6:49  Probe (Chrono Boost)  
  24  6:56  Probe (Chrono Boost)  
  24  6:57  Probe (Chrono Boost)  
  25  7:02  Probe (Chrono Boost)  
  25  7:05  Probe (Chrono Boost)  
  27  7:13  Probe (Chrono Boost)  
  28  7:16  Shield Battery  
  28  7:19  Probe (Chrono Boost)  
  30  7:31  Probe (Chrono Boost)  
  30  7:36  Probe (Chrono Boost)  
  30  7:42  Probe (Chrono Boost)  
  32  7:51  Probe (Chrono Boost), Pylon  
  33  7:53  Probe (Chrono Boost), Pylon  
  33  7:54  Pylon  
  33  7:58  Probe x2 (Chrono Boost)  
  35  7:59  Robotics Facility  
  35  8:03  Robotics Facility  
  36  8:09  Probe  
  37  8:16  Assimilator  
  37  8:22  Probe (Chrono Boost)  
  37  8:26  Probe (Chrono Boost)  
  39  8:32  Probe (Chrono Boost)  
  41  8:35  Probe (Chrono Boost)  
  45  8:48  Immortal  
  45  8:51  Immortal  
  49  9:00  Pylon  
  49  9:02  Pylon  
  49  9:05  Pylon  
  49  9:21  Photon Cannon  
  49  9:27  Immortal  
  49  9:28  Protoss Shields Level 1  
  49  9:30  Immortal  
  57  9:44  Stalker  
  63  10:07  Immortal  
  63  10:09  Immortal  
  63  10:14  Stalker  
  69  10:20  Nexus  
  69  10:25  Assimilator  
  69  10:30  Assimilator  
  69  10:36  Probe (Chrono Boost)  
  70  10:43  Stalker  
  70  10:46  Immortal, Probe (Chrono Boost)  
  70  10:48  Immortal  
  81  10:51  Probe (Chrono Boost)  
  82  11:13  Stalker  
  84  11:20  Robotics Facility  
  84  11:25  Immortal  
  88  11:28  Immortal  
  92  11:35  Probe (Chrono Boost)  
  92  11:37  Protoss Ground Armor Level 1  
  93  11:43  Adept  
  93  11:44  Probe (Chrono Boost)  
  96  11:52  Probe (Chrono Boost)  
  97  11:56  Probe (Chrono Boost)  
  98  12:07  Probe  
  99  12:13  Adept  
  97  12:19  Probe  
  81  13:02  Probe (Chrono Boost)  
  82  13:11  Immortal  
  82  13:12  Immortal x2  
  95  13:13  Probe (Chrono Boost)  
  95  13:18  Probe (Chrono Boost)  
  96  13:29  Probe  
  94  13:41  Probe  
  95  13:45  Pylon  
  95  13:46  Protoss Ground Weapons Level 1  
  95  13:47  Pylon  
  95  13:51  Immortal x3  
  95  13:53  Probe  
  106  14:05  Probe  
  106  14:08  Pylon  
  107  14:21  Photon Cannon  
  107  14:24  Photon Cannon  
  96  14:57  Immortal x3  
  108  15:04  Stalker  
  110  15:15  Pylon  
  110  15:21  Pylon  
  110  15:34  Stalker  
  112  15:36  Immortal x3  
  124  16:18  Immortal  
  37  18:36  Immortal  
  42  18:41  Probe (Chrono Boost)  
  42  18:51  Probe (Chrono Boost)  
  43  18:56  Probe (Chrono Boost)  
  43  18:58  Pylon  
  43  19:01  Robotics Facility  
  43  19:02  Pylon  
  44  19:04  Pylon  
  42  19:16  Immortal  
  44  19:17  Stalker  
  46  19:47  Stalker  
  48  19:55  Immortal  
  52  20:17  Stalker  
  54  20:34  Immortal  
  58  20:40  Nexus  
  58  20:47  Stalker  
  52  21:13  Immortal  
  52  21:17  Stalker  
  58  21:28  Assimilator  
  58  21:33  Assimilator  
  58  22:00  Immortal  
  62  22:14  Probe (Chrono Boost)  
  63  22:24  Probe (Chrono Boost)  
  60  22:40  Immortal  
  64  23:19  Immortal  
  26  23:58  Immortal  
Show
View Real Time Build Order
Export as new Build Order

Ivadios Terran 

Build Orders:  

Get SALT Encoding   

  12  0:16  SCV  
  12  0:17  Supply Depot  
  13  0:49  Refinery  
  13  1:00  Barracks  
  13  1:48  Barracks Reactor  
  13  1:54  Barracks  
  13  2:04  SCV  
  14  2:14  Supply Depot  
  14  2:16  SCV  
  15  2:28  SCV  
  16  2:32  Barracks  
  16  2:35  Marine x2  
  18  2:37  Supply Depot  
  19  2:51  Barracks Reactor  
  18  2:53  Marine x2  
  20  3:00  Supply Depot  
  20  3:02  Barracks  
  20  3:22  Barracks Reactor  
  20  3:23  Marine  
  20  3:24  Marine, Supply Depot  
  22  3:27  Barracks  
  22  3:30  SCV  
  23  3:41  Marine x3  
  24  3:46  Supply Depot  
  26  4:07  Barracks Reactor  
  26  4:09  Supply Depot  
  26  4:21  Barracks Tech Lab  
  26  4:24  Marine x3  
  26  4:31  Supply Depot  
  29  4:34  SCV  
  30  4:46  SCV  
  30  4:49  Engineering Bay  
  31  4:53  Supply Depot  
  31  5:01  Orbital Command  
  31  5:57  SCV  
  31  6:03  Stimpack  
  32  6:09  SCV  
  33  6:13  Marine x3  
  33  6:14  Marine x3  
  41  6:21  SCV  
  41  6:22  Marine  
  41  6:23  Marine  
  42  6:34  Supply Depot  
  42  6:41  Missile Turret  
  42  6:56  Marine  
  42  6:57  Marine x7, Supply Depot  
  42  6:58  Marine  
  51  7:14  Marine x2  
  51  7:15  Marine x4  
  55  7:19  Supply Depot  
  47  7:57  Marine  
  47  7:58  Marine x7  
  41  7:59  Marine  
  46  8:15  Marine x2  
  46  8:16  Marine x7  
  55  9:00  Command Center  
  55  9:33  Marine  
  55  9:34  Marine x6  
  55  9:35  Marine x2  
  64  9:51  Marine x3  
  64  9:52  Marine x4  
  70  9:59  SCV  
  72  10:11  SCV  
  73  10:15  Missile Turret  
  73  10:23  SCV  
  74  10:28  Orbital Command  
  74  10:35  SCV  
  75  10:56  Marine x2  
  75  10:57  Marine x7  
  84  11:14  Marine x4  
  84  11:15  Marine x5  
  93  11:32  Marine x3  
  29  12:32  Marine  
  29  12:33  Marine x6  
  29  12:34  Marine x2  
  35  12:46  SCV  
  35  12:50  Marine x2  
  35  12:51  Marine x6  
  39  12:52  Marine  
  39  12:56  Refinery  
  45  12:58  SCV  
  46  13:08  Marine x3  
  46  13:09  Marine x6  
  46  13:10  SCV  
  56  13:26  Marine x4  
  56  13:27  Marine x5  
  65  13:43  Refinery  
  65  13:45  Marine  
  65  13:46  Refinery  
  66  13:53  Supply Depot  
  66  14:03  Marine  
  66  14:04  Marine x8  
  66  14:07  Supply Depot  
  75  14:11  Supply Depot  
  75  14:17  Supply Depot  
  75  14:19  SCV  
  75  14:20  SCV  
  75  14:21  Marine  
  75  14:22  Marine x8  
  86  14:31  SCV  
  86  14:32  SCV  
  88  14:39  Marine x3  
  88  14:40  Marine x2  
  88  14:44  SCV  
  35  16:22  Marine x2  
  35  16:23  Marine x6  
  35  16:24  Marine  
  44  16:40  Marine x3  
  44  16:41  Marine x6  
  53  16:48  Hi-Sec Auto Tracking  
  53  16:58  Marine x4  
  53  16:59  Marine x5  
  53  17:01  Factory  
  57  17:16  Marine x5  
  57  17:17  Marine x4  
  66  17:34  Marine x7  
  66  17:35  Marine x2  
  75  17:45  Neosteel Armor  
  63  17:51  Marine  
  63  17:52  Marine x7  
  63  17:53  Marine  
  51  18:09  Marine x3  
  53  18:30  Missile Turret  
  53  18:32  Missile Turret  
  53  18:39  Starport x2  
  53  19:10  Command Center  
  53  19:15  Supply Depot  
  53  19:20  Starport  
  53  19:21  Missile Turret  
  53  19:23  Missile Turret, Refinery x2  
  53  19:25  Terran Infantry Weapons Level 1  
  53  19:38  Supply Depot  
  53  20:03  Starport Tech Lab x3  
  53  20:17  Fusion Core  
  53  20:24  Planetary Fortress  
  53  20:32  SCV x2  
  55  20:44  SCV x2  
  57  20:56  SCV x2  
  59  21:20  Terran Infantry Armor Level 1  
  59  21:22  SCV x3  
  62  21:34  SCV x2  
  64  21:55  Battlecruiser  
  64  21:56  Battlecruiser x2  
  82  22:11  Starport  
  82  22:12  Starport  
  82  22:15  Starport  
  82  22:22  Marine x4  
  86  22:23  Marine x5  
  91  22:39  Marine x2  
  91  22:40  Marine x5  
  98  23:00  Battlecruiser  
  98  23:01  Armory  
  104  23:07  Armory  
  39  23:49  Marine x9  
  47  24:03  Starport Tech Lab  
  47  24:06  Marine  
  47  24:07  Marine x8  
  51  24:24  Marine  
Show
View Real Time Build Order
Export as new Build Order

Arthas Protoss 

Build Orders: Carriers 

Get SALT Encoding   

  12  0:01  Probe  
  13  0:13  Probe  
  14  0:19  Pylon  
  14  0:25  Probe  
  15  0:39  Forge  
  15  0:41  Probe (Chrono Boost)  
  16  0:54  Probe (Chrono Boost)  
  16  0:55  Pylon  
  17  1:04  Probe  
  18  1:15  Photon Cannon  
  18  1:45  Pylon  
  18  2:06  Photon Cannon  
  18  2:09  Photon Cannon  
  18  2:12  Photon Cannon  
  17  2:46  Photon Cannon  
  18  2:51  Probe (Chrono Boost)  
  18  2:52  Gateway  
  18  2:54  Assimilator  
  18  2:55  Assimilator  
  18  2:59  Pylon  
  18  3:00  Probe (Chrono Boost)  
  19  3:05  Probe (Chrono Boost)  
  20  3:17  Probe (Chrono Boost)  
  21  3:25  Probe (Chrono Boost)  
  22  3:32  Probe  
  23  3:39  Photon Cannon  
  23  3:42  Cybernetics Core  
  23  3:44  Probe  
  24  3:52  Pylon  
  24  4:22  Stargate  
  24  4:23  Warp Gate  
  24  4:35  Gateway, Zealot  
  24  4:37  Gateway  
  26  4:39  Pylon  
  25  5:04  Oracle (Chrono Boost)  
  25  5:05  Zealot  
  27  5:11  Protoss Ground Weapons Level 1 (Chrono Boost)  
  30  5:24  Pylon  
  30  5:25  Zealot  
  30  5:26  Zealot  
  34  5:34  Void Ray  
  38  5:38  Zealot  
  40  6:34  Void Ray (Chrono Boost)  
  44  6:40  Stalker  
  44  6:44  Pylon  
  44  6:46  Pylon  
  46  7:31  Stalker x2  
  46  7:32  Stalker  
  52  7:53  Nexus  
  52  7:56  Pylon  
  42  7:59  Pylon  
  42  8:00  Assimilator  
  38  8:05  Assimilator  
  26  8:44  Photon Cannon  
  26  8:46  Photon Cannon, Zealot x3  
  32  8:51  Photon Cannon  
  32  9:05  Cybernetics Core  
  32  9:09  Fleet Beacon  
  32  9:12  Protoss Air Weapons Level 1 (Chrono Boost)  
  29  9:41  Probe x2  
  31  9:47  Phoenix  
  33  9:53  Probe, Stargate  
  33  9:54  Protoss Air Armor Level 1 (Chrono Boost)  
  34  10:02  Probe  
  34  10:05  Probe  
  36  10:12  Phoenix  
  38  10:17  Anion Pulse-Crystals  
  38  10:27  Probe x2  
  40  10:39  Probe  
  41  10:45  Phoenix x2  
  45  11:01  Probe  
  45  11:03  Probe  
  47  11:05  Protoss Air Weapons Level 2 (Chrono Boost)  
  47  11:10  Phoenix (Chrono Boost)  
  49  11:17  Phoenix (Chrono Boost)  
  51  11:33  Carrier (Chrono Boost)  
  47  12:37  Carrier x2  
  59  12:58  Probe  
  60  13:20  Stargate  
  60  13:30  Protoss Air Armor Level 2 (Chrono Boost)  
  60  13:33  Protoss Air Weapons Level 3 (Chrono Boost)  
  60  13:41  Carrier x2  
  72  14:48  Carrier x2  
  84  14:53  Carrier  
  82  16:35  Carrier x2 (Chrono Boost)  
  94  16:44  Carrier (Chrono Boost)  
  88  17:46  Protoss Shields Level 1  
  76  18:11  Carrier (Chrono Boost)  
  94  18:21  Carrier x2 (Chrono Boost)  
  94  18:34  Nexus  
  94  19:46  Pylon  
  94  19:48  Pylon  
  94  19:50  Pylon  
  94  19:52  Carrier x2 (Chrono Boost), Pylon  
  106  20:01  Carrier (Chrono Boost)  
  112  20:34  Nexus  
  112  20:46  Protoss Air Armor Level 3 (Chrono Boost)  
  112  21:05  Carrier  
  118  21:15  Assimilator  
  118  21:16  Assimilator  
  118  21:32  Pylon  
  118  21:34  Pylon  
  118  21:36  Pylon  
  118  21:39  Twilight Council  
  118  21:48  Assimilator  
  118  21:51  Probe x2  
  118  21:52  Probe  
  118  21:53  Assimilator  
  121  21:56  Pylon  
  121  22:17  Probe  
  121  22:18  Probe  
  123  22:25  Carrier (Chrono Boost)  
  129  22:44  Carrier (Chrono Boost)  
  135  23:03  Carrier (Chrono Boost)  
  68  23:41  Probe  
  45  24:04  Stargate  
  45  24:07  Stargate  
  45  24:10  Stargate  
Show
View Real Time Build Order
Export as new Build Order

Duffman Terran 

Build Orders:  

Get SALT Encoding   

  12  0:01  SCV  
  13  0:13  SCV  
  14  0:20  Supply Depot  
  14  0:37  SCV  
  15  0:43  Barracks  
  15  0:55  Barracks  
  15  1:02  Barracks  
  15  1:16  Barracks  
  15  1:31  Marine  
  16  1:37  Supply Depot  
  16  1:52  Marine  
  17  2:03  Barracks  
  17  2:04  Marine  
  17  2:07  Marine  
  19  2:10  Marine  
  20  2:17  Marine  
  20  2:22  Marine  
  22  2:24  Marine  
  22  2:27  Marine  
  24  2:35  Marine  
  25  2:39  Marine  
  25  2:42  Marine  
  27  2:44  Supply Depot  
  27  2:45  Marine  
  28  2:53  Marine  
  28  2:57  Marine  
  30  3:00  Marine  
  28  3:18  Marine x5  
  33  3:27  Engineering Bay  
  33  3:35  Marine  
  33  3:40  Marine x2  
  33  3:41  Marine  
  34  3:44  Marine  
  35  3:53  Marine  
  36  3:58  Marine  
  36  4:00  Marine x2  
  36  4:01  Marine  
  32  4:11  Marine  
  32  4:16  Marine  
  32  4:18  Marine x2  
  32  4:19  Marine  
  35  4:29  Marine  
  36  4:34  Marine  
  36  4:36  Marine x2  
  39  4:39  Missile Turret  
  39  4:57  Supply Depot  
  39  5:00  Marine  
  39  5:01  Marine  
  36  5:11  Marine x3  
  37  5:18  Marine  
  37  5:19  Marine  
  37  5:39  Marine x5  
  27  5:57  Marine x5  
  32  6:15  Marine x5  
  37  6:32  Marine x2  
  37  6:33  Marine x3  
  42  6:50  Marine x3  
  42  6:51  Marine x2  
  33  7:08  Marine x5  
  35  7:26  Marine x5  
  40  7:44  Marine x5  
  38  8:01  Marine x2  
  38  8:02  Marine x3  
  34  8:19  Marine x3  
  31  8:20  Marine x2  
  33  8:34  Factory  
  33  8:37  Marine x2  
  29  9:03  Refinery  
  29  9:04  Refinery  
  29  9:11  Terran Infantry Weapons Level 1  
  29  9:15  Engineering Bay  
  29  9:20  Orbital Command  
  29  9:53  Terran Infantry Armor Level 1  
  29  10:02  Barracks Reactor  
  29  10:03  Barracks Tech Lab  
  29  10:04  Barracks Reactor  
  29  10:06  Barracks Tech Lab  
  27  10:38  Combat Shield, Stimpack  
  27  11:34  Command Center  
  27  12:01  Starport  
  13  12:41  Barracks Reactor  
  13  12:43  Marine x3  
  16  12:56  Orbital Command  
  16  13:03  Starport Reactor  
  16  13:10  Marine x3, Marauder x2  
  16  13:11  Marine  
  24  13:25  Marine x2  
  26  13:28  Marine x4  
  26  13:31  Concussive Shells, Marauder x2  
  34  13:40  Medivac x2  
  38  13:42  SCV x2  
  38  13:48  Marine x4  
  42  13:49  Marine x2  
  42  13:52  Marine  
  42  13:53  Marauder  
  42  13:54  SCV x2  
  51  14:05  Marine  
  51  14:08  Armory  
  52  14:11  Marauder  
  52  14:12  Marine  
  52  14:13  Marine  
  52  14:14  Marauder  
  58  14:26  SCV x2  
  58  14:28  Marine  
  61  14:38  SCV  
  48  15:30  Medivac x2  
  48  15:32  Marine x3  
  48  15:33  Marine x3  
  48  15:34  Marauder x2  
  48  15:35  Terran Infantry Armor Level 2, Terran Infantry Weapons Level 2  
  62  16:03  Ghost Academy  
  62  16:07  Ghost Academy  
  62  16:43  Nuke  
  62  17:11  SCV x2, Marine x6, Marauder  
  62  17:23  SCV  
  62  17:24  SCV, Marauder  
  62  17:28  Marine  
  46  17:38  Marine x3  
  46  17:39  Marine x2  
  46  17:40  Marauder  
  46  17:41  Medivac x2  
  57  17:46  Marauder  
  52  18:18  Marine x4  
  52  18:19  Marine x2  
  52  18:22  Nuke  
  52  18:23  Personal Cloaking  
  52  18:27  Ghost  
  52  18:28  Ghost  
  52  18:33  SCV x2  
  58  18:45  SCV  
  59  18:50  Marine x3  
  62  19:02  Marine x3, Marauder  
  67  19:05  Ghost, Enhanced Shockwaves  
  69  19:23  Ghost  
  53  20:12  Marine x4  
  53  20:13  Marine x2  
  53  20:14  Marauder x2  
  63  20:15  Medivac x2  
  63  20:17  Terran Infantry Armor Level 3  
  63  20:20  Command Center  
  67  20:27  Refinery  
  67  20:28  Refinery  
  67  20:30  Marine x2  
  69  20:45  Medivac x2  
  73  21:13  Nuke x2  
  71  21:54  Marine x2  
  71  21:55  Marine x6  
  77  22:12  Marine x2  
  77  22:13  Marine x4  
  83  22:20  Ghost x2  
  87  22:23  Medivac x2  
  89  22:30  Marine x3  
  89  22:31  Marine  
  93  23:35  Medivac  
  93  23:41  Marine x2  
  64  24:10  Marine x5  
  64  24:11  Marine  
  64  24:12  Marauder x2  
Tags
 
Add a new tag
Caveats
  • Supply blocks, unpowered buildings, or Contaminate may cause inaccurate times.
  • Supply counts are checked every 10 seconds.